 Dungeon Crawl Stone Soup version 0.22-a0-571-g4a923d4b9e (webtiles) character file.

4724 Oirien the Cleaver (level 10, -3/76 HPs)
             Began as a Demonspawn Fighter on July 1, 2018.
             Was a Believer of Makhleb.
             Slain by a two-headed ogre
             ... wielding a +0 giant club
              (16 damage)
             ... on level 8 of the Dungeon.
             The game lasted 00:28:51 (6153 turns).

Oirien the Cleaver (Demonspawn Fighter)             Turns: 6153, Time: 00:28:51

Health: -3/76      AC:  8    Str: 24    XL:     10   Next: 22%
Magic:  4/4        EV: 11    Int:  9    God:    Makhleb [**....]
Gold:   261        SH: 10    Dex: 14    Spells: 9/9 levels left

rFire    . . .     SeeInvis .   b - +5 demon whip "Spellbinder" {antimagic, MR+}
rCold    + . .     Gourm    .   c - +0 shield
rNeg     . . .     Faith    .   F - +0 scale mail
rPois    .         Spirit   .   (helmet restricted)
rElec    .         Reflect  .   (no cloak)
rCorr    .         Harm     .   (no gloves)
MR       +....                  B - +0 pair of boots
Stlth    +.........             h - amulet of regeneration
HPRegen  0.62/turn              n - +5 ring of strength
MPRegen  0.09/turn              C - +2 ring of evasion

@: no status effects
A: horns 2, cold resistance 1, powered by death 1, sturdy frame 3
a: Minor Destruction, Renounce Religion


You were on level 8 of the Dungeon.
You worshipped Makhleb.
Makhleb was pleased with you.
You were not hungry.

You visited 2 branches of the dungeon, and saw 9 of its levels.

You collected 411 gold pieces.
You spent 150 gold pieces at shops.

Inventory:

Hand Weapons
 a - a +2 hunting sling of flaming {b}
 b - the +5 demon whip "Spellbinder" (weapon) {antimagic, MR+}
   (You found it on level 6 of the Dungeon)

   It reduces the magical energy of the wielder, and disrupts the spells and
   magical abilities of those hit.
   Natural abilities and divine invocations are not affected.
   It affects your resistance to hostile enchantments.
Missiles
 I - 37 sling bullets
Armour
 c - a +0 shield (worn)
 B - a +0 pair of boots (worn)
 F - a +0 scale mail (worn)
Jewellery
 h - an amulet of regeneration (around neck)
 n - a +5 ring of strength (left hand)
 y - an uncursed ring of fire
 C - a +2 ring of evasion (right hand)
Wands
 u - a wand of acid (17)
Scrolls
 e - 2 scrolls of identify
 i - 3 scrolls of remove curse
 l - 3 scrolls of enchant weapon
 o - 2 scrolls of blinking {unknown}
 p - a scroll of immolation {unknown}
 q - 2 scrolls of fog {unknown}
 r - 4 scrolls of teleportation {unknown}
 s - 2 scrolls of amnesia {unknown}
 t - 3 scrolls of enchant armour
 w - 3 scrolls of random uselessness {unknown}
 x - 4 scrolls of magic mapping {unknown}
 z - 2 scrolls of fear {unknown}
 D - 4 scrolls of noise {unknown}
Potions
 d - 2 potions of ambrosia {unknown}
 g - a potion of might
 j - a potion of haste
 k - a potion of agility
 m - 5 potions of curing
 v - 4 potions of brilliance
 E - a potion of resistance {unknown}
Comestibles
 f - 15 rations
 G - 7 chunks of flesh


   Skills:
 + Level 6.2 Fighting
   Level 9.2(10.1) Axes
 * Level 6.5(8.9) Maces & Flails
   Level 0.6(5.7) Polearms
 - Level 3.9 Armour
 - Level 1.1 Dodging
 + Level 1.8 Stealth
 - Level 3.7 Shields
 * Level 5.6 Invocations


You had 9 spell levels left.
You didn't know any spells.
Your spell library was empty.

Dungeon Overview and Level Annotations

Branches:
Dungeon (8/15)             Temple (1/1) D:5
   Lair: D:8-11

Altars:
Ashenzari
Cheibriados
Dithmenos
Elyvilon
Fedhas
Gozag
Hepliaklqana
Kikubaaqudgha
Makhleb
Nemelex Xobeh
Okawaru
Qazlal
Ru
Sif Muna
Trog
Uskayaw
Vehumet
Wu Jian
Xom
Yredelemnul
Zin
The Shining One

Shops:
D:4 ?   D:5 ?

Annotations:
D:6 1 runed door


Innate Abilities, Weirdness & Mutations

You have a pair of horns on your head.
Your flesh is cold resistant. (rC+)
You regenerate a little health from kills.
Your movements are significantly less encumbered by armour. (ER -6)


Message History

You eat one of the 8 chunks of flesh.
This raw flesh tastes terrible.
A two-headed ogre comes into view. It is wielding two giant clubs.
The two-headed ogre shouts in stereo!
You whack the two-headed ogre!
The two-headed ogre is moderately wounded.
The two-headed ogre hits you with a giant club.
The two-headed ogre hits you with a giant club!!
You are too injured to fight recklessly!
You whack the two-headed ogre!
The two-headed ogre is heavily wounded.
You barely miss the two-headed ogre.
The two-headed ogre is heavily wounded.
The two-headed ogre closely misses you.
The two-headed ogre hits you with a giant club!
* * * LOW HITPOINT WARNING * * *
You hit the two-headed ogre.
The two-headed ogre is heavily wounded.
You block the two-headed ogre's attack.
The two-headed ogre hits you with a giant club!
You die...

#.#..# #. #.# #.#..# #.
#.# #.#..# #. #
#.#####.#..# #. #.
#.#........######. .....
##.####..........#......
#.....
#........).......#.###..
....#
##......O.#.#.....#.# #..
.....
........@.........#^# #..
..#.#
#.......)###...#.#.. +..
..#.#
##.........###.#.#####..
..#.#
#########.รท.....#.#.#
#.. ..#.#
#.......#.......#.# #..
#.#.###...)...........#.#
#..
#.....................#
#..
#....).............####
### #.......####.......#


You could see a two-headed ogre.

Vanquished Creatures
  A two-headed ogre (D:8)
  The ghost of motoroller71 the Shield-Bearer, a novice GnFi (D:6)
  Joseph (D:7)
  2 hippogriffs
  Sigmund (D:4)
  An ice beast (D:8)
  An orc warrior (D:6)
  A sky beast (D:8)
  A phantom (D:5)
  A centaur (D:8)
  2 ogres
  7 bullfrogs
  A gnoll sergeant (D:7)
  2 scorpions
  A wyvern skeleton (D:6)
  2 howler monkeys (D:5)
  A crimson imp (D:4)
  2 jellies (D:8)
  A centaur skeleton (D:8)
  5 hounds
  3 bullfrog zombies
  6 orc priests
  3 bullfrog skeletons
  4 orc wizards
  Natasha (twice) (D:4)
  3 iguanas
  4 worker ants
  A killer bee zombie (D:6)
  A hound skeleton (D:7)
  Robin (D:2)
  14 gnolls
  12 adders
  A river rat (D:6)
  2 shadow imps
  A white imp (D:8)
  An ooze (D:2)
  An adder skeleton (D:4)
  4 worms
  A dart slug (D:1)
  4 leopard geckos
  24 orcs
  A ball python (D:1)
  7 giant cockroaches
  9 hobgoblins
  2 kobolds (D:1)
  3 quokkas
  8 bats
  5 frilled lizards
  16 goblins
  A jackal skeleton (D:6)
  A leopard gecko skeleton (D:4)
  A leopard gecko zombie (D:5)
  10 rats
192 creatures vanquished.

Vanquished Creatures (others)
  A crimson imp (D:7)
1 creature vanquished.

Grand Total: 193 creatures vanquished

Notes
Turn   | Place    | Note
-------+----------+-------------------------------------------
     0 | D:1      | Oirien the Demonspawn Fighter began the quest for the Orb.
     0 | D:1      | Reached XP level 1. HP: 18/18 MP: 1/1
   126 | D:1      | Gained mutation: Your movements are slightly less encumbered by armour. (ER -2) [demonic ancestry]
   126 | D:1      | Reached XP level 2. HP: 24/24 MP: 2/2
   244 | D:1      | Reached skill level 2 in Axes
   746 | D:2      | Noticed Robin
  1155 | D:1      | Reached XP level 3. HP: 27/29 MP: 3/3
  1203 | D:2      | Killed Robin
  1247 | D:2      | Found an opulent altar of Gozag.
  1250 | D:2      | Found a sparkling altar of Nemelex Xobeh.
  1401 | D:2      | Gained mutation: You have a pair of small horns on your head. [demonic ancestry]
  1401 | D:2      | Reached XP level 4. HP: 34/35 MP: 4/4
  1551 | D:2      | Found a glowing golden altar of the Shining One.
  1800 | D:3      | Reached skill level 3 in Axes
  1846 | D:3      | Gained mutation: Your movements are less encumbered by armour. (ER -4) [demonic ancestry]
  1846 | D:3      | Reached XP level 5. HP: 41/41 MP: 5/5
  2552 | D:4      | Reached skill level 4 in Axes
  2552 | D:4      | Reached skill level 1 in Dodging
  2552 | D:4      | Reached XP level 6. HP: 45/48 MP: 6/6
  2851 | D:4      | Noticed Natasha
  2855 | D:4      | Killed Natasha
  2926 | D:4      | Found a white marble altar of Elyvilon.
  2957 | D:4      | Found Valyn's Magic Scroll Emporium.
  2962 | D:4      | Bought a scroll of enchant weapon for 75 gold pieces
  2962 | D:4      | Bought a scroll of enchant armour for 75 gold pieces
  2991 | D:4      | Gained mutation: You regenerate a little health from kills. [demonic ancestry]
  2991 | D:4      | Reached XP level 7. HP: 37/54 MP: 7/7
  3041 | D:4      | Found a shimmering altar of Xom.
  3042 | D:4      | Found a burning altar of Makhleb.
  3052 | D:4      | Became a worshipper of Makhleb the Destroyer
  3079 | D:4      | Noticed Sigmund
  3096 | D:4      | Killed Sigmund
  3096 | D:4      | Reached skill level 5 in Axes
  3233 | D:4      | Noticed Natasha
  3240 | D:4      | Killed Natasha
  3362 | D:5      | Entered Level 5 of the Dungeon
  3412 | D:5      | Reached skill level 6 in Axes
  3501 | D:5      | Found Suoxieku's Magic Scroll Emporium.
  3614 | D:5      | Reached skill level 1 in Stealth
  3660 | D:5      | Gained mutation: Your flesh is cold resistant. (rC+) [demonic ancestry]
  3660 | D:5      | Reached XP level 8. HP: 61/61 MP: 8/8
  3674 | D:5      | Found a staircase to the Ecumenical Temple.
  3733 | D:5      | Reached * piety under Makhleb
  3781 | D:5      | Reached skill level 1 in Invocations
  3817 | D:5      | Reached skill level 7 in Axes
  3862 | D:5      | Reached skill level 5 in Fighting
  4005 | Temple   | Entered the Ecumenical Temple
  4405 | D:6      | Found a runed door.
  4408 | D:6      | Noticed motoroller71's ghost (novice GnFi)
  4440 | D:6      | Killed motoroller71's ghost
  4440 | D:6      | Reached skill level 8 in Axes
  4440 | D:6      | Gained mutation: You have a pair of horns on your head. [demonic ancestry]
  4440 | D:6      | Reached XP level 9. HP: 47/68 MP: 9/11
  4451 | D:6      | Found a runed door.
  4587 | D:6      | Reached skill level 9 in Axes
  4601 | D:6      | Found a snail-covered altar of Cheibriados.
  4612 | D:6      | Found a deep blue altar of Sif Muna.
  4680 | D:6      | Found the +5 demon whip "Spellbinder" {antimagic, MR+}
  4884 | D:6      | Found a hazy altar of Hepliaklqana.
  4885 | D:6      | Found a bloodstained altar of Trog.
  4887 | D:6      | Found a shattered altar of Ashenzari.
  5161 | D:7      | Reached skill level 1 in Maces & Flails
  5419 | D:7      | Noticed Joseph
  5439 | D:7      | Killed Joseph
  5439 | D:7      | Reached ** piety under Makhleb
  5975 | D:8      | Noticed a two-headed ogre
  5984 | D:8      | Killed a two-headed ogre
  5984 | D:8      | Reached skill level 5 in Maces & Flails
  5984 | D:8      | Reached skill level 5 in Invocations
  5984 | D:8      | Gained mutation: Your movements are significantly less encumbered by armour. (ER -6) [demonic ancestry]
  5984 | D:8      | Reached XP level 10. HP: 51/76 MP: 4/13
  6146 | D:8      | Noticed a two-headed ogre
  6153 | D:8      | Slain by a two-headed ogre

Vault maps used:
D:1:      lightli_arrival_boilingwater, grunt_decor_clamped
D:2:      grunt_temple_overflow_opulence, nicolae_tso_swordbearing_angel,
          uniq_robin
D:3:      first_ration, st_stairs_12
D:4:      grunt_temple_overflow_champion_of_chaos, elyvilon_altar_4,
          serial_shops, shop, uniq_natasha, uniq_sigmund
D:5:      minmay_temple_entry_hall, serial_shops, shop
D:6:      grunt_temple_overflow_open, ebering_ghost_sewer_f
D:7:      uniq_joseph
Temple:   minmay_temple_forest_path

Skill      XL: |  1  2  3  4  5  6  7  8  9 10 |
---------------+-------------------------------+-----
Axes           | 2 3 4 6 8 9 |  9.2
Armour         | 3 |  3.9
Shields        | 3 |  3.7
Dodging        | 1 |  1.1
Fighting       | 4 5 6 |  6.2
Stealth        | 1 |  1.8
Invocations    | 3 5 |  5.6
Maces & Flails | 5 6 |  6.5
Polearms       | |  0.6

Action                   |  1- 3 |  4- 6 |  7- 9 | 10-12 || total
-------------------------+-------+-------+-------+-------++-------
Melee: Spear             |    76 |       |       |       ||    76
       War axe           |    56 |   137 |   163 |       ||   356
       Headbutt          |       |    22 |    60 |     9 ||    91
       Demon whip        |       |       |    91 |    57 ||   148
  Use: Scroll            |     2 |     5 |     1 |       ||     8
       Potion            |       |       |     3 |     2 ||     5
  Eat: Chunk             |     2 |     5 |     9 |     2 ||    18
Armor: Scale mail        |    43 |    44 |    65 |     6 ||   158
Dodge: Dodged            |    30 |    50 |    75 |    24 ||   179
Block: Shield            |    64 |    75 |   112 |    34 ||   285

Table legend:
 A = Spawn XP
 B = Non-spawn XP
 C = Spawn XP percentage of total XP
 D = Spawn monster count
 E = Non-spawn monster count
 F = Spawn count percentage of total count
 G = Total turns spent on level
                    A         B        C        D         E        F      G
               +---------+---------+-------+---------+---------+-------+---------
         Total |       0 |    6749 |   0.0 |       0 |     193 |   0.0 |  6153
               +---------+---------+-------+---------+---------+-------+---------
           D:1 |       0 |      47 |   0.0 |       0 |      26 |   0.0 |  1058
           D:2 |       0 |      65 |   0.0 |       0 |      19 |   0.0 |   599
           D:3 |       0 |     238 |   0.0 |       0 |      43 |   0.0 |   885
           D:4 |       0 |     821 |   0.0 |       0 |      26 |   0.0 |   843
           D:5 |       0 |     580 |   0.0 |       0 |      18 |   0.0 |   629
           D:6 |       0 |    1618 |   0.0 |       0 |      23 |   0.0 |   750
           D:7 |       0 |    1240 |   0.0 |       0 |      18 |   0.0 |   770
           D:8 |       0 |    2140 |   0.0 |       0 |      20 |   0.0 |   292
               +---------+---------+-------+---------+---------+-------+---------
